Cogmind - Beta 12 X1 @@@ ROGUE MODE // 2022.08.29 @ 18:03:14 Player: youngster Result: Destroyed by D-53 Grenadier with Mini Grenade Launcher Performance ------------- Evolutions (1) 500 Regions Visited (5) 1000 Robots Destroyed (89) 445 Value Destroyed (1886) 1886 Prototype IDs (44) 880 Alien Tech Used (0) 0 Bonus (264) 264 TOTAL SCORE: 4975 Bonus ------- Follower Combat Kills 338 Aligned with FarCom 300 Friendly Fire -374 Cogmind --------- Core Integrity 0/400 Matter 93/300 Energy 100/100 System Corruption 4% Temperature Cool (0) Movement Core (50) Location -9/Exiles Parts ------- > --- POWER (1) -------- (None) > --- PROPULSION (3) --- (None) > --- UTILITY (3) ------ (None) > --- WEAPON (2) ------- (None) > --- INVENTORY (5) ---- Huge Storage Unit Improved Assault Rifle 8R-AWN's Boregun 8R-AWN's Boregun Mini Grenade Launcher Peak State ------------ > --- POWER ------------ Cooled Ion Engine > --- PROPULSION ------- Light Treads Improved Treads Armored Wheel > --- UTILITY ---------- Huge Storage Unit Hardened Medium Armor Plating Shield Generator > --- WEAPON ----------- Improved Assault Rifle Improved Assault Rifle > --- INVENTORY -------- Cooled Ion Engine Light Treads Light Treads Light Treads Light Treads Light Treads Cooling System High-capacity Matter Pod Seismic Detector Hardened Medium Armor Plating Hardened Medium Armor Plating Hardened Medium Armor Plating Insulated Plating Insulated Plating Tractor Beam Heavy EM Pulse Gun Improved Assault Rifle Improved Assault Rifle Improved Assault Rifle Improved Assault Rifle Improved Assault Rifle Improved Assault Rifle Rocket Launcher Mini Grenade Launcher Datajack [Rating: 25] Favorites ----------- Power Cooled Ion Engine Engine Cooled Ion Engine Propulsion Light Treads Treads Light Treads Wheel Compact Wheel Utility Huge Storage Unit Device Shield Generator Storage Huge Storage Unit Processor Visual Processing Unit Protection Hardened Medium Armor Plating Weapon Improved Assault Rifle Energy Gun Beam Rifle Energy Cannon Particle Cannon Ballistic Gun Improved Assault Rifle Launcher Grenade Launcher Special Melee Weapon Datajack Build | -11 -10 -10 -9 -9 -9 ------- Run | Scr Mat Min Mat Min Exi Slots Evolved 2 | . . . 2 . . Power . | . . . . . . Propulsion 1 | . . . 1 . . Utility 1 | . . . 1 . . Weapon . | . . . . . . Parts Attached 124 | 6 24 24 37 16 17 Power 7 | 1 3 1 2 . . Engine 7 | 1 3 1 2 . . Core . | . . . . . . Reactor . | . . . . . . Propulsion 50 | 2 10 6 20 4 8 Treads 31 | 2 5 2 13 3 6 Leg . | . . . . . . Wheel 19 | . 5 4 7 1 2 Hover . | . . . . . . Flight . | . . . . . . Utility 27 | 1 5 5 6 5 5 Device 11 | . 2 3 2 4 . Storage 3 | 1 1 . 1 . . Processor 1 | . 1 . . . . Hackware . | . . . . . . Protection 12 | . 1 2 3 1 5 Artifact . | . . . . . . Weapon 40 | 2 6 12 9 7 4 Energy Gun 8 | 1 2 5 . . . Energy Cannon 3 | . 1 2 . . . Ballistic Gun 15 | 1 . . 8 4 2 Ballistic Cannon . | . . . . . . Launcher 13 | . 3 5 1 3 1 Special Weapon . | . . . . . . Impact Weapon . | . . . . . . Slashing Weapon . | . . . . . . Piercing Weapon . | . . . . . . Special Melee Weapon 1 | . . . . . 1 Unidentified Prototypes 1 | . . . 1 . . Parts Lost 20 | . 1 1 1 . 17 Power 2 | . . . 1 . 1 Propulsion 8 | . . 1 . . 7 Utility 6 | . . . . . 6 Weapon 4 | . 1 . . . 3 Highest Loss Streak 16 | . 1 1 1 . 16 To Critical Strikes 2 | . . . . . 2 Average Slot Usage (%) 98 | . 94 99 99 100 96 Engine 12 | . 13 14 10 11 10 Treads 23 | . 18 14 22 32 30 Wheel 7 | . 9 13 10 . 1 Device 9 | . 6 10 11 11 10 Storage 12 | . 14 14 11 11 10 Protection 7 | . 1 3 10 11 11 Energy Gun 9 | . 18 25 3 . . Ballistic Gun 12 | . 7 . 18 21 13 Special Melee Weapon 1 | . . . . . 7 Naked Turns 4 | . . . . . 4 Heaviest Build 105 | 14 93 96 104 105 104 Greatest Support 63 | 40 40 40 60 63 63 Greatest Overweight (x) 8 | . 5 5 8 8 8 Average Overweight (x) 3 | . 3 4 6 1 1 Largest Inventory Capacity 25 | 8 25 25 25 25 25 Average Capacity 23 | 6 19 25 25 25 24 Most Carried 25 | 5 25 25 25 25 25 Average Carried 22 | 3 15 24 24 24 24 Final Capacity 25 | 8 25 25 25 25 5 Final Carried 25 | 4 25 25 25 25 5 Class Distribution -------------------- 83% | Mutant 16% | Scavenger-Mutant Dominant Class ---------------- Mutant | -10/Materials Scavenger-Mutant | -10/Mines Mutant | -9/Materials Mutant | -9/Mines Mutant | -9/Exiles Resources | -11 -10 -10 -9 -9 -9 ----------- Run | Scr Mat Min Mat Min Exi Matter Collected 2537 | 239 697 417 670 400 114 Remotely . | . . . . . . Salvage Created 3285 | . 824 297 1442 516 206 Parts 184 | . 55 22 64 30 13 Haulers Intercepted 8 | . 2 . 6 . . Recyclers Shooed 4 | . . . 3 1 . Parts Field Recycled . | . . . . . . Retrieved Matter . | . . . . . . Parts Self-Destructed . | . . . . . . Prevented . | . . . . . . Kills | -11 -10 -10 -9 -9 -9 ------- Run | Scr Mat Min Mat Min Exi Combat Hostiles Destroyed 67 | . 14 15 20 10 8 Guns 41 | . 14 4 17 6 . AOE 26 | . . 11 3 4 8 Classes Destroyed 16 | . 7 3 2 2 2 Worker 2 | . . . 1 1 . Builder 1 | . 1 . . . . Tunneler 4 | . . 1 . 3 . Hauler 8 | . 2 . 6 . . Recycler 11 | . 3 1 5 2 . Operator 1 | . 1 . . . . Watcher 4 | . 3 . 1 . . Swarmer 18 | . 5 3 6 4 . Grunt 27 | . 9 . 9 4 5 Brawler 2 | . . . . 1 1 Duelist 1 | . . . . 1 . Sentry 5 | . . . 5 . . Demolisher 1 | . . 1 . . . Hunter 1 | . . . . . 1 Programmer 1 | . . . . . 1 Assembled 11 | . . 11 . . . Thug 2 | . . 2 . . . Best Kill Streak 8 | . 4 5 4 4 8 Combat Bots Only 8 | . 3 5 3 4 8 Max Kills in Single Turn 5 | . 2 3 2 2 5 Gunslinging . | . . . . . . Exploded 5 | . . 3 2 2 5 Melee . | . . . . . . Uniques/NPCs Destroyed . | . . . . . . Combat | -11 -10 -10 -9 -9 -9 -------- Run | Scr Mat Min Mat Min Exi Damage Taken 4374 | . 531 493 413 250 2687 Core 629 | . 104 124 96 18 287 Absorbed by Shields 419 | . . . 106 52 261 Regen/Repaired (Parts) 97 | . 97 . . . . Core Remaining (%) 54 | 100 . 8 . . . Volleys Fired 231 | . 58 38 64 35 36 Largest 2 | . 2 2 2 2 2 Hottest 124 | . 112 124 112 46 46 Shots Fired 432 | . 113 64 125 64 66 Gun 402 | . 111 49 122 58 62 Cannon 2 | . . 2 . . . Launcher 28 | . 2 13 3 6 4 Special . | . . . . . . Kinetic 252 | . 43 . 89 58 62 Thermal 150 | . 68 49 33 . . Explosive 28 | . 2 13 3 6 4 Electromagnetic 2 | . . 2 . . . Robot Hit Streak 28 | . 8 6 19 28 17 Robot Miss Streak 5 | . 5 4 2 2 2 Penetration Max . | . . . . . . Secondary Targets 2 | . 1 . . 1 . Max Gunslinging Chain 1 | . 1 . . 1 . Shots Hit Robots 295 | . 70 32 88 45 60 Core Hits 162 | 1 37 27 46 27 24 Critical Kills . | . . . . . . Critical Parts Destroyed 1 | . . . 1 . . Critical Strikes 10 | . 5 1 4 . . Burn 9 | . 5 1 3 . . Destroy 1 | . . . 1 . . Melee Attacks 4 | . . . . . 4 Impact . | . . . . . . Slashing . | . . . . . . Piercing . | . . . . . . Sneak Attacks 4 | . . . . . 4 Combat Hostiles . | . . . . . . Follow-up Attacks . | . . . . . . Damage Inflicted 6237 | 5 921 1003 1699 1008 1601 Guns 4165 | . 921 343 1420 665 816 Cannons 20 | . . 20 . . . Explosions 2032 | . . 625 279 343 785 Melee . | . . . . . . Ramming 20 | 5 . 15 . . . Kinetic 2925 | . 380 . 1064 665 816 Thermal 1348 | . 541 363 356 88 . Explosive 1944 | . . 625 279 255 785 Electromagnetic . | . . . . . . Impact . | . . . . . . Slashing . | . . . . . . Piercing . | . . . . . . Highest Corruption 4 | . 2 2 . . 4 Average Corruption 2 | . 2 2 . . 3 Corruption Purged . | . . . . . . Corruption Blocked . | . . . . . . Effects 52 | . 29 21 . . 2 Message Errors 10 | . 8 2 . . . Matter Fused 14 | . 7 6 . . 1 Heat Flow Errors 2 | . . 1 . . 1 Energy Discharges 7 | . 3 4 . . . Parts Rejected 1 | . 1 . . . . Data Loss (minor) 9 | . 5 4 . . . Data Loss (major) 3 | . 1 2 . . . Misfires 2 | . 1 1 . . . Alerts 4 | . 3 1 . . . Overload Shots . | . . . . . . Overflow Damage 47 | . . 16 16 14 1 Projectiles . | . . . . . . Explosions 47 | . . 16 16 14 1 Melee . | . . . . . . Knockbacks 1 | . . 1 . . . Impact 1 | . . 1 . . . Kinetic . | . . . . . . Secondary . | . . . . . . Self-Inflicted Damage 52 | . . 52 . . . Shots 2 | . . 2 . . . Rammed 7 | 2 . 5 . . . Targets Rammed 8 | 2 . 6 . . . Kicked . | . . . . . . Crushed 1 | . . 1 . . . Highest Temperature 264 | . 108 252 191 1 264 Average Temperature 58 | . 29 91 80 1 107 Received Heat Transfer 565 | . 174 . 125 64 202 Siege Activations . | . . . . . . Robots Corrupted . | . . . . . . Combat Hostiles . | . . . . . . Parts Fried . | . . . . . . Impact Corruptions . | . . . . . . Robots Melted . | . . . . . . Combat Hostiles . | . . . . . . Parts Melted 9 | . 5 . 4 . . Heat Transferred 4059 | . 1887 962 1110 100 . Parts Sabotaged . | . . . . . . Parts Stolen . | . . . . . . Parts Stripped . | . . . . . . Power Chain Reactions . | . . . . . . Missiles Intercepted . | . . . . . . Alert | -11 -10 -10 -9 -9 -9 ------- Run | Scr Mat Min Mat Min Exi Peak Influence 373 | . 360 373 281 284 . Initial 96 | . . 95 17 96 . Average 163 | . 179 192 126 171 . Maximum Alert Level 1 | . 1 1 1 1 . Low Security (%) 67 | 100 43 75 87 66 . Level 1 32 | . 56 24 12 33 . Level 2 . | . . . . . . Level 3 . | . . . . . . Level 4 . | . . . . . . Level 5 . | . . . . . . High Security . | . . . . . . Max Security . | . . . . . . Squads Dispatched 10 | . 5 . 4 1 . Investigation 5 | . 3 . 2 . . Extermination . | . . . . . . Reinforcement 5 | . 2 . 2 1 . Assault . | . . . . . . Garrison . | . . . . . . Intercept . | . . . . . . Searches Triggered . | . . . . . . Construction Impeded 1 | . . . . 1 . Haulers Reinforced . | . . . . . . Active Scanning Responses . | . . . . . . Cargo Convoy Interrupts . | . . . . . . Stealth | -11 -10 -10 -9 -9 -9 --------- Run | Scr Mat Min Mat Min Exi Distress Signals 5 | . 1 . 3 1 . Communications Jammed . | . . . . . . Distress Signals . | . . . . . . Times Spotted 161 | . 23 20 30 16 72 Peak Tracking Total 12 | . 5 8 4 4 12 Tactical Retreats 14 | . 3 . 2 2 7 Traps | -11 -10 -10 -9 -9 -9 ------- Run | Scr Mat Min Mat Min Exi Traps Triggered 2 | . 1 . 1 . . Indirectly . | . . . . . . Trap Hack Attempts . | . . . . . . Triggered . | . . . . . . Disarmed . | . . . . . . Reprogrammed . | . . . . . . Reused . | . . . . . . Traps Extracted . | . . . . . . Installed . | . . . . . . Triggered . | . . . . . . Most Traps Carried 3 | . . . . 3 3 Machines | -11 -10 -10 -9 -9 -9 ---------- Run | Scr Mat Min Mat Min Exi Machines Disabled 6 | . 1 2 . 1 2 Max in Single Turn 1 | . 1 . . 1 1 Machines Sabotaged . | . . . . . . Garrisons Compromised . | . . . . . . Overloaded Fab Kills . | . . . . . . Hacking | -11 -10 -10 -9 -9 -9 --------- Run | Scr Mat Min Mat Min Exi Machines Accessed 20 | . 9 . 9 . 2 Terminals 13 | . 6 . 7 . . Fabricators . | . . . . . . Repair Stations 1 | . 1 . . . . Recycling Units 3 | . 2 . 1 . . Scanalyzers 1 | . . . 1 . . Garrison Access . | . . . . . . Total Hacks 63 | . 30 . 31 . 2 Successful 38 | . 14 . 22 . 2 Failed 24 | . 15 . 9 . . Catastrophic 3 | . 2 . 1 . . Database Lockouts 1 | . 1 . . . . Manual 37 | . 20 . 16 . 1 Terminals 48 | . 25 . 23 . . Fabricators . | . . . . . . Repair Stations 3 | . 3 . . . . Recycling Units 3 | . 2 . 1 . . Scanalyzers 7 | . . . 7 . . Garrison Access . | . . . . . . Terminal Hacks 24 | . 10 . 12 . 2 Record 1 | . . . . . 1 Part Schematic 2 | . 1 . 1 . . Robot Analysis 7 | . 5 . 2 . . Prototype ID Bank 4 | . 1 . 3 . . Branch Access Points 1 | . . . 1 . . Unreport Threat 1 | . . . 1 . . Locate Traps 5 | . 1 . 4 . . Transport Status 1 | . 1 . . . . Recall Investigation 1 | . 1 . . . . EX-Prototype ID Bank 1 | . . . . . 1 Fabricator Hacks . | . . . . . . Repair Station Hacks 2 | . 2 . . . . Scan Component 1 | . 1 . . . . Repair 1 | . 1 . . . . Recycling Unit Hacks . | . . . . . . Scanalyzer 7 | . . . 7 . . Insert Component 3 | . . . 3 . . Analyze 4 | . . . 4 . . Garrison Access Hacks . | . . . . . . Unauthorized Hacks 5 | . 2 . 3 . . Terminals 2 | . . . 2 . . Botnet 1 | . . . 1 . . Operators 1 | . . . 1 . . Fabricators . | . . . . . . Repair Stations . | . . . . . . Recycling Units 3 | . 2 . 1 . . Tunnel 3 | . 2 . 1 . . Scanalyzers . | . . . . . . Garrison Access . | . . . . . . Data Cores Recovered . | . . . . . . Used . | . . . . . . Hacking Detections 14 | . 6 . 8 . . Full Trace Events 5 | . 4 . 1 . . Feedback Events . | . . . . . . Feedback Blocked . | . . . . . . Robot Schematics Acquired . | . . . . . . Robots Built . | . . . . . . Authchips . | . . . . . . Time . | . . . . . . Total Robot Build Rating . | . . . . . . Part Schematics Acquired 5 | . 1 . 4 . . Parts Built . | . . . . . . Authchips . | . . . . . . Time . | . . . . . . Total Part Build Rating . | . . . . . . Parts Repaired 1 | . 1 . . . . Time 26 | . 26 . . . . Parts Recycled . | . . . . . . Recycled Matter . | . . . . . . Retrieved Matter . | . . . . . . Retrieved Components . | . . . . . . Parts Scanalyzed 3 | . . . 3 . . Part Schematics Acquired 3 | . . . 3 . . Parts Damaged . | . . . . . . Bothacking | -11 -10 -10 -9 -9 -9 ------------ Run | Scr Mat Min Mat Min Exi Used RIF Installer . | . . . . . . Robots Hacked 4 | . . . . . 4 Non-combat 3 | . . . . . 3 Combat 1 | . . . . . 1 Robot Hacks Applied 4 | . . . . . 4 parse_system 4 | . . . . . 4 Relay Couplers Released . | . . . . . . Fabnet Peak Effective % . | . . . . . . Robots Rewired . | . . . . . . Allies Hacked . | . . . . . . Hacks Repelled . | . . . . . . Allies | -11 -10 -10 -9 -9 -9 -------- Run | Scr Mat Min Mat Min Exi Total Allies 5 | . . 2 . 3 . Largest Group 3 | . . 2 2 3 1 Highest-Rated Group 43 | . . 43 43 40 16 Highest-Rated Ally 31 | . . 31 31 16 16 Total Orders 2 | . . . . 2 . STAY 1 | . . . . 1 . FOLLOW 1 | . . . . 1 . Ally Attacks 67 | . . 9 17 37 4 Total Damage 805 | . . 210 213 380 2 Kills 14 | . . 4 3 7 . Allies Corrupted . | . . . . . . Allies Melted . | . . . . . . Intel | -11 -10 -10 -9 -9 -9 ------- Run | Scr Mat Min Mat Min Exi Robot Analysis Total 7 | . 5 . 2 . . Derelict Logs Recovered 3 | . . 1 . 2 . Drone Launches . | . . . . . . Drone Recoveries . | . . . . . . Exploration | -11 -10 -10 -9 -9 -9 ------------- Run | Scr Mat Min Mat Min Exi Turns Passed 7932 | 83 1922 1278 1797 1760 1092 Spaces Moved 3405 | 45 938 625 734 663 400 Core 7 | 4 . . . . 3 Treads 1316 | 41 282 1 3 631 358 Legs . | . . . . . . Wheels 2082 | . 656 624 731 32 39 Hover . | . . . . . . Flight . | . . . . . . Fastest Speed 50 | 50 160 175 175 210 50 Average Speed 196 | 150 170 175 192 238 236 Slowest Speed 320 | 160 175 320 320 240 320 Overloaded Moves . | . . . . . . Propulsion Burnouts . | . . . . . . Robots Hopped . | . . . . . . Cave-ins Triggered . | . . . . . . Exploration Rate (%) 71 | 5 94 94 69 98 70 Regions Visited 5 Branch Regions 3 Pre-discovered Areas 4 | . 2 . 1 . 1 Known Exits Taken 1 | . . . 1 . . Unknown Exits Taken 4 | 1 1 1 . 1 . Scrap Searched 4 | . . 3 . 1 . Spaces Dug 42 | . 16 10 . 16 . Terrain Destroyed 146 | . 16 63 5 62 . Melee . | . . . . . . Projectile . | . . . . . . AOE 146 | . 16 63 5 62 . Terrain Rammed . | . . . . . . Walls Destroyed . | . . . . . . Machines Disabled . | . . . . . . Actions | -11 -10 -10 -9 -9 -9 --------- Run | Scr Mat Min Mat Min Exi Total 4193 | 57 1144 727 1010 774 481 Wait 274 | . 88 22 112 50 2 Move 3400 | 44 937 624 733 662 400 Hop . | . . . . . . Pick Up 83 | 5 28 5 27 5 13 Fast Attach 15 | 5 2 . 8 . . Attach 22 | 1 4 2 3 1 11 Detach 3 | . 2 1 . . . Swap 87 | . 18 22 26 15 6 Drop 66 | . 7 7 37 6 9 Fire 231 | . 58 38 64 35 36 Melee 4 | . . . . . 4 Ram . | . . . . . . Kick . | . . . . . . Crush 8 | 2 . 6 . . . Escape Stasis . | . . . . . . Rewire . | . . . . . . Trap . | . . . . . . Miscellaneous . | . . . . . . Route ------- -11/Scrapyard -10/Materials (discovered 4 exits: *Mat x3 / [*Min]) -10/Mines (discovered 2 exits: *Mat x2) -9/Materials (discovered 6 exits: [*Mat x2] / *Min x2 / *Sto x2) -9/Mines (discovered 3 exits: [*Mat x2] / *Exi) -9/Exiles (discovered 1 exit: [*Min]) History --------- Turn | Location | Event 67 | -11/Scrapyard | Discovered new exit (range 12) 84 | -11/Scrapyard | Entered Materials 313 | -10/Materials | Build established: Mutant 585 | -10/Materials | Discovered new exit (range 3) 878 | -10/Materials | Discovered new exit (range 5) 1109 | -10/Materials | Discovered new exit (range 16) 1345 | -10/Materials | Discovered new exit (range 14) 1394 | -10/Materials | Repaired Lgt. Treads? 1756 | -10/Materials | Central database locked down 2006 | -10/Materials | Entered Mines 2013 | -10/Mines | Received a Rocket Launcher from a helpful Derelict 2023 | -10/Mines | Assembled infested the area 2065 | -10/Mines | Core integrity fell below 50% 2259 | -10/Mines | Learned Materials terminal intel 2308 | -10/Mines | Joined a pair of Derelicts in attacking an 0b10 outpost 2727 | -10/Mines | Discovered new exit (range 7) 2802 | -10/Mines | Build established: Scavenger-Mutant 2899 | -10/Mines | Discovered new exit (range 6) 3041 | -10/Mines | Core integrity fell below 20% 3284 | -10/Mines | Entered Materials 3284 | -9/Materials | Accompanied by 2 allies 3284 | -9/Materials | Evolved 2 slots: Propulsion x1, Utility x1 3285 | -9/Materials | Loaded intel: 12 terminal locations 3289 | -9/Materials | Led the pair of lost Derelicts to an unsafe place 3373 | -9/Materials | Discovered new exit (range 16) 3395 | -9/Materials | Identified exit to Mines 3395 | -9/Materials | Identified exit to Storage 3673 | -9/Materials | Discovered new exit (range 15) 4146 | -9/Materials | Build established: Mutant 4164 | -9/Materials | Discovered new exit (range 13) 5081 | -9/Materials | Entered Mines 5429 | -9/Mines | Discovered new exit (range 8) 5603 | -9/Mines | Assisted by bots powering up and referring to "LRC-V3" 5961 | -9/Mines | Found a hidden stash of uninstalled traps 6039 | -9/Mines | Learned location of 1 exit from Proximity Caves 6048 | -9/Mines | Met a Derelict testing a Signal Generator 6437 | -9/Mines | Discovered new exit (range 6) 6829 | -9/Mines | Deemed a non-threat by the Exiles lab entrance 6829 | -9/Mines | Discovered new exit (range 5) 6841 | -9/Mines | Entered Exiles 6841 | -9/Exiles | Accompanied by 1 ally 6952 | -9/Exiles | Discovered new exit (range 15) 6983 | -9/Exiles | Met 8R-AWN 7025 | -9/Exiles | Met EX-HEX 7092 | -9/Exiles | Met EX-BIN 7177 | -9/Exiles | Met EX-DEC 7187 | -9/Exiles | Learned location of Zion (-6) 7510 | -9/Exiles | Aligned with FarCom system 7512 | -9/Exiles | Given EX-Vault access code 7567 | -9/Exiles | Opened EX-Vault 7627 | -9/Exiles | Warned to stay clear of 0b10 Research branches 7664 | -9/Exiles | Exiles lab attacked by MAIN.C 7742 | -9/Exiles | Attacked by the Exiles 7846 | -9/Exiles | Found 8R-AWN's Boregun 7849 | -9/Exiles | Found 8R-AWN's Boregun 7854 | -9/Exiles | Found AS-neutralizer No. 17b 7858 | -9/Exiles | Found Exp. Targeting Computer 7876 | -9/Exiles | Core integrity fell below 50% 7897 | -9/Exiles | Destroyed 8 combat bots 7929 | -9/Exiles | Released all parts (3) 7931 | -9/Exiles | Core integrity fell below 20% 7933 | -9/Exiles | Destroyed by D-53 Grenadier with Mini Grenade Launcher Last Messages --------------- 07923_ The unstable cave ceiling collapses. 07924_ Penetrated by Slug. 07925_ System corrupted: Matter fused (-6). 07927_ Penetrated by Slug. 07927_ Hrd. Medium Armor Plating destroyed. 07927_ Lgt. Treads destroyed. 07927_ Insulated Plating destroyed. 07928_ Slug penetrates D-53 Grenadier. 07929_ The unstable cave ceiling collapses. 07929_ Released Imp. Assault Rifle. 07929_ Released Lgt. Treads. 07929_ Released Huge Storage Unit. 07929_ Dropped Blade Trap. 07930_ Acquired 8R-AWN's Boregun. 07930_ Penetrated by Slug. 07931_ The unstable cave ceiling collapses. 07931_ Dropped Shield Generator. 07932_ Acquired Huge Storage Unit. 07933_ The unstable cave ceiling collapses. 07933_ Shield Generator crushed. Map ----- +----------------------------------------------------+ | ?????????????????????????????????????????????????? | | ?????????????????????????????????????????????????? | | ?????????????????????????????????????????????????? | | ?????????????????????????????????????????????????? | | ?????????????????????????????????????????????????? | | ?????????????????????????????????????????????????? | | ?????????????????????????????????????????????????? | | ?????????????????????????????????????????????????? | | ?????????????????????????????????????????????????? | | ?????????????????????????????????????????????????? | | ?????????????????????????????????????????????????? | | ?????????????????????????????????????????????????? | | ?????????????????????????????????????????????????? | | ?????????????????????????????????????????????????? | | ?????????????????????????????????????????????????? | | ?????????????????????????????????????????????????? | | ?????????????????????????????????????????????????? | | ?????????????????????????????????????????????????? | | ?????????????????????????????????????????????????? | | ????????????#???????????####?????????????????????? | | ????????????# ???????### ###???????????????????? | | ?????????????# ???### ##?#######??????????? | | ?????????????# ## ###!!! "#??????????? | | ?????????????# ## "#??????????? | | ??????????????# &*[!# "#??????????? | | ???????????????#" !=[@ # ""#??????????? | | ??????????????#"" &[ ! ## ""#??????????? | | ??????????????#### [! ""#??????????? | | ?????????????????## ###??????????? | | ??????????????????#"## #???????????? | | ??????????????????#??### d #???????????? | | ???????????????????????### ###????????? | | ?????????????????????????#" ## #####???? | | ????????????????????????""" # # #???? | | ?????????????????????? "### % # ##??# | | ???????????????????? "#?## #### | | ????????????????????? ##??# | | ????????????????????!""""""###???# # | | ?????????????????????######??????#### | | ????????????????????????????????????### [ * | | ??????????????????????????????????????# # % | | ??????????????????????????????????????#### | | ?????????????????????????????????????????## | | ??????????????????????????????????????????##" | | ???????????????????????????????????????????#""" | | ??????????????????????????????????????????##" | | ??????????????????????????????????????????# | | ?????????????????????????????????????????##" | | ?????????????????????????????????????????#" % | | ?????????????????????????????????????????#" " | +----------------------------------------------------+ Best States ------------- Heat Dissipation 50 Coolant Potential 50 Energy Generation 14 Energy Capacity 280 Matter Stores 300 Matter Capacity 300 Sight Range 18 Terrain Scan Density 10 Armor Coverage 375 Resistance: EM 15 Evasion (%) 40 Recoil Reduction 3 Item Schematics ----------------- Huge Storage Unit | -10/Materials | Hacked Plasma Cutter | -9/Materials | Hacked Imp. Treads | -9/Materials | Scanalyzed Arm. Wheel | -9/Materials | Scanalyzed Datajack | -9/Materials | Scanalyzed Robot Schematics ------------------ None Fabricated ------------ Nothing Alien Tech Used ----------------- None Achievements -------------- None Challenges ------------ None Game ------ Seed CoordinationKineticHumpback Manual? 0 Play Time 01:00:16 Cumulative 328.0 hours Start 2022.08.28 @ 14:38:35 End 2022.08.29 @ 18:03:14 Sessions 7 Manual Loads 0 Difficulty Rogue Special Mode None Game No. 150 Rogue 150 Adventurer 0 Explorer 0 Win Type - Total 8 Types 5/0/1/1/0/0/0/1/0 Lore% 88 Gallery% 91 Achievement% 70 Wizard Run 0 Options --------- ASCII 1 Keyboard 1 Movement Vi Keybinds 0 Fullscreen 2 Font 18/Cog Map View 76x50 Tactical HUD 1 Map Filters NONE Filters NONE Steam 0 RUN: bfac266c-3ea1-4d57-93fa-b8cca071429e